3029 views
Uploaded 2020-03-09 01:32:34
Game version 1.32.2
20:28 long 4on4 ladder game on (8)Battleground_LV
Saved by Teelo
3029 views
Uploaded 2020-03-09 01:32:34
Game version 1.32.2
20:28 long 4on4 ladder game on (8)Battleground_LV


135 units @ 20.6k
/ 2.9k
111 buildings @ 11.4k
/ 5.2k



| Scroll of Regeneration | 2 | 200 |
| Potion of Healing | 2 | 300 |
| Potion of Mana | 1 | 200 |
| Orb of Fire | 1 | 325 |
| Staff of Sanctuary | 1 | 250 |
| Dust of Appearance | 1 | 75 |
| total: | 8 | 1350g |
| Peasant | 18 | 1350 | / | 0 |
| Footman | 10 | 1350 | / | 0 |
| Rifleman | 10 | 2050 | / | 300 |
| Priest | 5 | 675 | / | 50 |
| Mortar Team | 3 | 540 | / | 210 |
| Sorceress | 4 | 620 | / | 80 |
| Spell Breaker | 1 | 215 | / | 30 |
| total: | 51 | 6800g | / | 670w |
| Scout Tower | 8 | 240 | / | 160 |
| Arcane Tower | 1 | 70 | / | 50 |
| Guard Tower | 7 | 490 | / | 350 |
| Altar of Kings | 1 | 180 | / | 50 |
| Barracks | 1 | 160 | / | 60 |
| Farm | 14 | 1120 | / | 280 |
| Lumber Mill | 1 | 120 | / | 0 |
| Arcane Vault | 1 | 130 | / | 30 |
| Town Hall | 1 | 385 | / | 205 |
| Blacksmith | 1 | 140 | / | 60 |
| Arcane Sanctum | 1 | 150 | / | 140 |
| Workshop | 1 | 140 | / | 140 |
| Keep | 1 | 320 | / | 210 |
| Castle | 2 | 720 | / | 420 |
| total: | 30 | 2765g | / | 1125w |
| 0:02 | Peasant |
| 0:02 | Peasant |
| 0:11 | Altar of Kings |
| 0:19 | Barracks |
| 0:22 | Peasant |
| 0:32 | Farm |
| 0:35 | Farm |
| 0:39 | Farm |
| 0:43 | Peasant |
| 0:51 | Peasant |
| 1:06 | Peasant |
| 1:17 | Peasant |
| 1:21 | Footman |
| 1:30 | Lumber Mill |
| 1:38 | Farm |
| 1:44 | Scout Tower |
| 1:51 | Arcane Vault |
| 1:59 | Footman |
| 2:15 | Summon Water Elemental |
| 2:30 | Footman |
| 2:33 | Arcane Tower |
| 2:38 | Farm |
| 2:55 | Footman |
| 3:07 | Peasant |
| 3:22 | Footman |
| 3:48 | Footman |
| 3:48 | Footman |
| 4:00 | Brilliance Aura |
| 4:08 | Defend |
| 4:47 | Scroll of Regeneration |
| 4:51 | Scroll of Regeneration |
| 5:07 | Town Hall |
| 5:31 | Footman |
| 5:35 | Footman |
| 5:39 | Summon Water Elemental |
| 5:51 | Keep |
| 5:53 | Blacksmith |
| 5:56 | Scout Tower |
| 6:11 | Dust of Appearance |
| 6:24 | Footman |
| 6:26 | Scout Tower |
| 6:29 | Guard Tower |
| 6:35 | Scout Tower |
| 6:36 | Scout Tower |
| 6:39 | Peasant |
| 6:42 | Peasant |
| 6:44 | Scout Tower |
| 7:23 | Guard Tower |
| 7:36 | Rifleman |
| 7:38 | Improved Masonry |
| 7:39 | Guard Tower |
| 7:42 | Peasant |
| 7:43 | Peasant |
| 8:28 | Brilliance Aura |
| 8:36 | Arcane Sanctum |
| 8:40 | Improved Lumber Harvesting |
| 8:41 | Peasant |
| 8:41 | Peasant |
| 8:42 | Peasant |
| 8:43 | Peasant |
| 8:43 | Peasant |
| 8:44 | Peasant |
| 8:53 | Guard Tower |
| 9:43 | Advanced Masonry |
| 10:01 | Priest Adept Training |
| 10:04 | Priest |
| 10:49 | Summon Water Elemental |
| 11:00 | Iron Plating |
| 11:01 | Black Gunpowder |
| 11:03 | Workshop |
| 11:06 | Rifleman |
| 11:07 | Long Rifles |
| 11:08 | Priest Master Training |
| 11:08 | Priest |
| 11:08 | Priest |
| 11:08 | Sorceress Adept Training |
| 11:23 | Castle |
| 11:31 | Rifleman |
| 11:33 | Priest |
| 11:56 | Potion of Healing |
| 11:57 | Potion of Mana |
| 12:06 | Rifleman |
| 12:08 | Mortar Team |
| 12:09 | Priest |
| 12:27 | Flame Strike |
| 13:11 | Farm |
| 13:12 | Farm |
| 13:13 | Farm |
| 13:29 | Flare |
| 13:56 | Siphon Mana |
| 14:00 | Farm |
| 14:02 | Farm |
| 14:04 | Scout Tower |
| 14:06 | Scout Tower |
| 14:08 | Guard Tower |
| 14:12 | Rifleman |
| 14:12 | Rifleman |
| 14:16 | Sorceress |
| 14:16 | Sorceress |
| 14:18 | Refined Gunpowder |
| 14:19 | Advanced Lumber Harvesting |
| 14:35 | Rifleman |
| 15:04 | Rifleman |
| 15:05 | Fragmentation Shards |
| 15:06 | Sorceress |
| 15:08 | Rifleman |
| 15:14 | Studded Leather Armor |
| 15:29 | Mass Teleport |
| 15:42 | Rifleman |
| 15:43 | Mortar Team |
| 15:44 | Sorceress Master Training |
| 15:45 | Spell Breaker |
| 15:49 | Imbued Gunpowder |
| 15:49 | Iron Forged Swords |
| 15:49 | Steel Plating |
| 16:00 | Potion of Healing |
| 16:00 | Orb of Fire |
| 16:01 | Staff of Sanctuary |
| 16:07 | Holy Light |
| 16:10 | Sundering Blades |
| 16:10 | Animal War Training |
| 16:26 | Farm |
| 16:27 | Farm |
| 16:53 | Control Magic |
| 16:53 | Magic Sentry |
| 16:57 | Guard Tower |
| 16:58 | Guard Tower |
| 16:59 | Farm |
| 17:00 | Farm |
| 17:30 | Flame Strike |
| 17:53 | Mortar Team |
| 18:56 | Sorceress |
| 19:38 | Divine Shield |
| 20:03 | Brilliance Aura |
| 20:16 | Siphon Mana |
| 20:20 | Holy Light |
| Right click | 1085 |
| Select group | 688 |
| Select | 410 |
| Build/train/purchase | 195 |
| Misc. action | 148 |
| Assign group | 33 |
| Use ability | 16 |
| Remove unit | 7 |
| Esc | 1 |


| Rod of Necromancy | 1 | 150 |
| total: | 1 | 150g |
| Acolyte | 7 | 525 | / | 0 |
| Ghoul | 4 | 480 | / | 0 |
| Crypt Fiend | 5 | 1075 | / | 200 |
| Obsidian Statue | 2 | 400 | / | 70 |
| Frost Wyrm | 9 | 3465 | / | 1080 |
| total: | 27 | 5945g | / | 1350w |
| Altar of Darkness | 1 | 180 | / | 50 |
| Ziggurat | 9 | 1350 | / | 450 |
| Crypt | 1 | 200 | / | 50 |
| Graveyard | 1 | 215 | / | 0 |
| Tomb of Relics | 1 | 130 | / | 30 |
| Necropolis | 1 | 225 | / | 0 |
| Slaughterhouse | 1 | 140 | / | 135 |
| Temple of the Damned | 1 | 155 | / | 140 |
| Sacrificial Pit | 1 | 75 | / | 150 |
| Boneyard | 3 | 525 | / | 600 |
| Halls of the Dead | 1 | 320 | / | 210 |
| Black Citadel | 2 | 650 | / | 460 |
| total: | 20 | 3195g | / | 1605w |
| 0:16 | Altar of Darkness |
| 0:22 | Ziggurat |
| 0:30 | Crypt |
| 0:34 | Acolyte |
| 0:45 | Acolyte |
| 1:34 | Ghoul |
| 2:01 | Graveyard |
| 2:09 | Ziggurat |
| 2:26 | Tomb of Relics |
| 2:32 | Ghoul |
| 2:46 | Unholy Aura |
| 2:49 | Ghoul |
| 2:57 | Ghoul |
| 3:15 | Ziggurat |
| 3:30 | Crypt Fiend |
| 3:34 | Rod of Necromancy |
| 4:15 | Crypt Fiend |
| 4:25 | Halls of the Dead |
| 4:45 | Crypt Fiend |
| 5:24 | Crypt Fiend |
| 5:48 | Death Coil |
| 6:42 | Crypt Fiend |
| 6:47 | Black Citadel |
| 7:37 | Slaughterhouse |
| 7:45 | Temple of the Damned |
| 7:48 | Sacrificial Pit |
| 8:00 | Ziggurat |
| 8:02 | Ziggurat |
| 9:51 | Boneyard |
| 9:52 | Boneyard |
| 9:55 | Obsidian Statue |
| 9:56 | Obsidian Statue |
| 10:20 | Boneyard |
| 10:31 | Ziggurat |
| 10:31 | Ziggurat |
| 10:34 | Ziggurat |
| 10:38 | Ziggurat |
| 10:51 | Creature Attack |
| 10:52 | Creature Carapace |
| 11:19 | Freezing Breath |
| 11:22 | Frost Wyrm |
| 12:14 | Necropolis |
| 12:33 | Unholy Aura |
| 12:49 | Frost Wyrm |
| 12:49 | Frost Wyrm |
| 13:28 | Frost Wyrm |
| 13:48 | Acolyte |
| 13:49 | Acolyte |
| 14:03 | Acolyte |
| 14:05 | Acolyte |
| 14:06 | Acolyte |
| 14:58 | Healing Spray |
| 15:13 | Frost Wyrm |
| 16:01 | Improved Creature Attack |
| 16:02 | Improved Creature Carapace |
| 16:07 | Frost Wyrm |
| 16:21 | Death Coil |
| 16:32 | Chemical Rage |
| 16:56 | Frost Wyrm |
| 17:13 | Frost Wyrm |
| 17:25 | Advanced Creature Attack |
| 18:29 | Frost Wyrm |
| 20:07 | Healing Spray |
| Right click | 561 |
| Select | 210 |
| Select group | 88 |
| Misc. action | 75 |
| Build/train/purchase | 56 |
| Assign group | 10 |
| Use ability | 8 |


| Scroll of Regeneration | 6 | 600 |
| Lesser Clarity Potion | 4 | 280 |
| Potion of Mana | 2 | 400 |
| Potion of Healing | 2 | 300 |
| Scroll of Town Portal | 1 | 350 |
| Boots of Speed | 2 | 500 |
| Potion of Lesser Invulnerability | 1 | 150 |
| total: | 18 | 2580g |
| Peasant | 16 | 1200 | / | 0 |
| Rifleman | 14 | 2870 | / | 420 |
| Gryphon Rider | 3 | 840 | / | 210 |
| total: | 33 | 4910g | / | 630w |
| Altar of Kings | 1 | 180 | / | 50 |
| Farm | 10 | 800 | / | 200 |
| Arcane Vault | 1 | 130 | / | 30 |
| Blacksmith | 1 | 140 | / | 60 |
| Barracks | 1 | 160 | / | 60 |
| Town Hall | 1 | 385 | / | 205 |
| Lumber Mill | 1 | 120 | / | 0 |
| Gryphon Aviary | 2 | 280 | / | 300 |
| Keep | 2 | 640 | / | 420 |
| Castle | 2 | 720 | / | 420 |
| total: | 18 | 2195g | / | 905w |
| 0:04 | Peasant |
| 0:04 | Peasant |
| 0:04 | Peasant |
| 0:14 | Altar of Kings |
| 0:24 | Farm |
| 0:32 | Peasant |
| 0:48 | Peasant |
| 0:51 | Peasant |
| 1:00 | Farm |
| 1:03 | Peasant |
| 1:22 | Arcane Vault |
| 1:34 | Peasant |
| 1:40 | Blacksmith |
| 1:58 | Barracks |
| 2:28 | Peasant |
| 2:29 | Peasant |
| 2:29 | Peasant |
| 2:35 | Farm |
| 2:38 | Scroll of Regeneration |
| 2:38 | Lesser Clarity Potion |
| 2:57 | Rifleman |
| 2:57 | Rifleman |
| 3:24 | Thunder Clap |
| 3:53 | Rifleman |
| 4:10 | Storm Bolt |
| 4:20 | Farm |
| 4:23 | Rifleman |
| 4:24 | Rifleman |
| 4:28 | Scroll of Regeneration |
| 4:28 | Lesser Clarity Potion |
| 4:31 | Scroll of Regeneration |
| 5:10 | Rifleman |
| 6:02 | Town Hall |
| 6:07 | Thunder Clap |
| 6:18 | Farm |
| 6:24 | Farm |
| 6:29 | Scroll of Regeneration |
| 6:29 | Lesser Clarity Potion |
| 6:31 | Black Gunpowder |
| 7:46 | Peasant |
| 8:23 | Storm Bolt |
| 8:35 | Keep |
| 8:36 | Studded Leather Armor |
| 8:36 | Reinforced Leather Armor |
| 8:38 | Rifleman |
| 8:38 | Rifleman |
| 8:46 | Lumber Mill |
| 8:59 | Farm |
| 10:55 | Storm Bolt |
| 11:17 | Refined Gunpowder |
| 11:17 | Imbued Gunpowder |
| 11:19 | Long Rifles |
| 11:22 | Improved Lumber Harvesting |
| 11:25 | Peasant |
| 11:29 | Peasant |
| 12:47 | Scroll of Town Portal |
| 12:47 | Potion of Mana |
| 12:48 | Potion of Healing |
| 12:51 | Potion of Healing |
| 12:51 | Scroll of Regeneration |
| 12:52 | Potion of Mana |
| 12:55 | Rifleman |
| 12:55 | Rifleman |
| 12:55 | Rifleman |
| 12:59 | Castle |
| 13:04 | Gryphon Aviary |
| 13:08 | Peasant |
| 13:09 | Peasant |
| 13:19 | Lesser Clarity Potion |
| 13:23 | Scroll of Regeneration |
| 13:33 | Holy Light |
| 14:23 | Boots of Speed |
| 14:30 | Potion of Lesser Invulnerability |
| 14:32 | Boots of Speed |
| 14:44 | Gryphon Aviary |
| 14:51 | Dragonhide Armor |
| 14:54 | Rifleman |
| 14:55 | Rifleman |
| 14:55 | Rifleman |
| 15:37 | Avatar |
| 15:39 | Divine Shield |
| 16:15 | Holy Light |
| 16:25 | Storm Hammers |
| 16:25 | Gryphon Rider |
| 16:25 | Gryphon Rider |
| 16:25 | Gryphon Rider |
| 16:31 | Farm |
| 16:50 | Advanced Lumber Harvesting |
| 16:53 | Iron Forged Swords |
| 17:21 | Farm |
| 17:54 | Steel Forged Swords |
| 18:49 | Farm |
| 20:03 | Divine Shield |
| Right click | 1425 |
| Select group | 619 |
| Select | 183 |
| Build/train/purchase | 122 |
| Assign group | 33 |
| Use ability | 19 |
| Item give/drop | 3 |

| Scroll of Regeneration | 2 | 200 |
| Lesser Clarity Potion | 2 | 140 |
| Potion of Healing | 2 | 300 |
| Potion of Mana | 1 | 200 |
| Boots of Speed | 1 | 250 |
| Staff of Teleportation | 1 | 150 |
| Rod of Necromancy | 1 | 150 |
| total: | 10 | 1390g |
| Peasant | 16 | 1200 | / | 0 |
| Spell Breaker | 8 | 1720 | / | 240 |
| total: | 24 | 2920g | / | 240w |
| Scout Tower | 21 | 630 | / | 420 |
| Arcane Tower | 2 | 140 | / | 100 |
| Guard Tower | 18 | 1260 | / | 900 |
| Altar of Kings | 1 | 180 | / | 50 |
| Farm | 12 | 960 | / | 240 |
| Lumber Mill | 2 | 240 | / | 0 |
| Arcane Vault | 1 | 130 | / | 30 |
| Town Hall | 1 | 385 | / | 205 |
| Blacksmith | 1 | 140 | / | 60 |
| Arcane Sanctum | 4 | 600 | / | 560 |
| Keep | 1 | 320 | / | 210 |
| Castle | 1 | 360 | / | 210 |
| total: | 43 | 3265g | / | 1565w |
| 0:02 | Peasant |
| 0:02 | Peasant |
| 0:02 | Peasant |
| 0:21 | Altar of Kings |
| 0:24 | Peasant |
| 0:36 | Farm |
| 0:55 | Lumber Mill |
| 0:58 | Peasant |
| 0:58 | Peasant |
| 1:05 | Scout Tower |
| 1:09 | Peasant |
| 1:18 | Farm |
| 1:35 | Arcane Tower |
| 1:37 | Peasant |
| 1:59 | Peasant |
| 1:59 | Peasant |
| 2:10 | Scout Tower |
| 2:19 | Scout Tower |
| 2:23 | Blizzard |
| 2:30 | Peasant |
| 2:30 | Peasant |
| 2:32 | Improved Masonry |
| 2:36 | Scout Tower |
| 2:38 | Scout Tower |
| 2:39 | Guard Tower |
| 2:48 | Arcane Vault |
| 2:51 | Scout Tower |
| 3:06 | Guard Tower |
| 3:09 | Scout Tower |
| 3:28 | Guard Tower |
| 3:30 | Scout Tower |
| 3:40 | Scout Tower |
| 3:46 | Peasant |
| 3:46 | Peasant |
| 3:50 | Guard Tower |
| 3:53 | Brilliance Aura |
| 3:58 | Scroll of Regeneration |
| 3:58 | Lesser Clarity Potion |
| 4:02 | Guard Tower |
| 4:05 | Scout Tower |
| 4:13 | Guard Tower |
| 4:16 | Scout Tower |
| 4:26 | Farm |
| 4:38 | Guard Tower |
| 4:43 | Arcane Tower |
| 4:45 | Guard Tower |
| 5:04 | Scout Tower |
| 5:08 | Scout Tower |
| 5:12 | Rod of Necromancy |
| 5:23 | Keep |
| 5:35 | Scout Tower |
| 5:37 | Guard Tower |
| 5:39 | Scout Tower |
| 5:40 | Guard Tower |
| 6:09 | Guard Tower |
| 6:12 | Scout Tower |
| 6:14 | Guard Tower |
| 6:19 | Scout Tower |
| 6:22 | Scout Tower |
| 6:43 | Town Hall |
| 6:49 | Guard Tower |
| 6:52 | Farm |
| 7:02 | Guard Tower |
| 7:11 | Guard Tower |
| 7:32 | Scout Tower |
| 8:09 | Scout Tower |
| 8:10 | Scout Tower |
| 8:12 | Guard Tower |
| 8:30 | Castle |
| 8:36 | Advanced Masonry |
| 9:00 | Arcane Sanctum |
| 9:07 | Guard Tower |
| 9:31 | Peasant |
| 9:31 | Peasant |
| 9:32 | Guard Tower |
| 9:51 | Boots of Speed |
| 9:51 | Staff of Teleportation |
| 10:10 | Blizzard |
| 10:44 | Blacksmith |
| 10:47 | Improved Lumber Harvesting |
| 10:54 | Brilliance Aura |
| 11:47 | Spell Breaker |
| 11:47 | Spell Breaker |
| 11:51 | Arcane Sanctum |
| 11:52 | Arcane Sanctum |
| 11:53 | Arcane Sanctum |
| 11:57 | Lumber Mill |
| 12:00 | Iron Forged Swords |
| 12:00 | Iron Plating |
| 12:02 | Potion of Healing |
| 12:04 | Potion of Mana |
| 12:05 | Lesser Clarity Potion |
| 12:07 | Scroll of Regeneration |
| 12:09 | Potion of Healing |
| 12:21 | Magic Sentry |
| 12:21 | Control Magic |
| 13:14 | Spell Breaker |
| 13:21 | Farm |
| 13:22 | Farm |
| 13:22 | Farm |
| 13:23 | Farm |
| 13:41 | Spell Breaker |
| 13:58 | Spell Breaker |
| 14:32 | Farm |
| 14:33 | Farm |
| 14:34 | Farm |
| 14:34 | Farm |
| 14:36 | Imbued Masonry |
| 14:56 | Steel Forged Swords |
| 15:00 | Steel Plating |
| 15:34 | Blizzard |
| 15:58 | Advanced Lumber Harvesting |
| 16:22 | Spell Breaker |
| 17:10 | Priest Adept Training |
| 17:10 | Sorceress Adept Training |
| 18:28 | Priest Master Training |
| 18:30 | Sorceress Master Training |
| 18:53 | Mass Teleport |
| 19:01 | Spell Breaker |
| 19:03 | Mithril Forged Swords |
| 19:03 | Mithril Plating |
| 19:59 | Spell Breaker |
| Right click | 312 |
| Select group | 296 |
| Select | 169 |
| Build/train/purchase | 103 |
| Misc. action | 94 |
| Assign group | 85 |
| Use ability | 32 |
| Chat | 32 |
| Item give/drop | 3 |
| Minimap ping | 2 |
115 units @ 16.1k
/ 2.6k
86 buildings @ 11.5k
/ 5.8k


| Scroll of Regeneration | 3 | 300 |
| Scroll of Town Portal | 2 | 700 |
| total: | 5 | 1000g |
| Peasant | 15 | 1125 | / | 0 |
| Footman | 4 | 540 | / | 0 |
| Rifleman | 2 | 410 | / | 60 |
| Knight | 4 | 980 | / | 240 |
| Gryphon Rider | 4 | 1120 | / | 280 |
| total: | 29 | 4175g | / | 580w |
| Scout Tower | 7 | 210 | / | 140 |
| Arcane Tower | 1 | 70 | / | 50 |
| Guard Tower | 6 | 420 | / | 300 |
| Barracks | 1 | 160 | / | 60 |
| Altar of Kings | 1 | 180 | / | 50 |
| Farm | 6 | 480 | / | 120 |
| Lumber Mill | 1 | 120 | / | 0 |
| Blacksmith | 1 | 140 | / | 60 |
| Arcane Vault | 1 | 130 | / | 30 |
| Town Hall | 1 | 385 | / | 205 |
| Gryphon Aviary | 1 | 140 | / | 150 |
| Keep | 1 | 320 | / | 210 |
| Castle | 1 | 360 | / | 210 |
| total: | 20 | 1945g | / | 815w |
| 0:04 | Peasant |
| 0:04 | Peasant |
| 0:12 | Barracks |
| 0:18 | Altar of Kings |
| 0:28 | Peasant |
| 0:37 | Farm |
| 0:44 | Peasant |
| 1:01 | Peasant |
| 1:07 | Farm |
| 1:17 | Footman |
| 1:19 | Peasant |
| 1:33 | Scout Tower |
| 1:46 | Peasant |
| 1:49 | Footman |
| 1:52 | Farm |
| 2:01 | Arcane Tower |
| 2:07 | Peasant |
| 2:17 | Footman |
| 2:29 | Peasant |
| 2:42 | Summon Water Elemental |
| 2:45 | Peasant |
| 2:45 | Peasant |
| 3:15 | Keep |
| 3:24 | Lumber Mill |
| 3:44 | Blacksmith |
| 4:08 | Arcane Vault |
| 4:23 | Farm |
| 4:53 | Scout Tower |
| 5:06 | Rifleman |
| 5:09 | Black Gunpowder |
| 5:29 | Brilliance Aura |
| 5:43 | Peasant |
| 5:46 | Rifleman |
| 6:30 | Castle |
| 6:45 | Farm |
| 6:53 | Town Hall |
| 6:56 | Scout Tower |
| 7:01 | Scout Tower |
| 7:04 | Scout Tower |
| 7:07 | Scout Tower |
| 7:16 | Gryphon Aviary |
| 7:20 | Guard Tower |
| 7:35 | Guard Tower |
| 7:36 | Guard Tower |
| 7:47 | Guard Tower |
| 7:48 | Guard Tower |
| 8:16 | Footman |
| 8:23 | Scout Tower |
| 8:37 | Scroll of Regeneration |
| 8:47 | Iron Forged Swords |
| 8:51 | Knight |
| 8:58 | Gryphon Rider |
| 10:01 | Knight |
| 10:04 | Farm |
| 10:54 | Knight |
| 10:55 | Gryphon Rider |
| 11:15 | Black Arrow |
| 11:46 | Scroll of Town Portal |
| 11:55 | Peasant |
| 11:56 | Peasant |
| 11:56 | Peasant |
| 13:20 | Guard Tower |
| 13:55 | Scroll of Regeneration |
| 13:59 | Gryphon Rider |
| 14:04 | Knight |
| 14:49 | Steel Forged Swords |
| 14:51 | Gryphon Rider |
| 15:13 | Scroll of Town Portal |
| 15:14 | Scroll of Regeneration |
| Right click | 413 |
| Select group | 252 |
| Select | 208 |
| Build/train/purchase | 67 |
| Assign group | 32 |
| Use ability | 5 |
| Item give/drop | 1 |
| Minimap ping | 1 |

| Wisp | 13 | 780 | / | 0 |
| Archer | 5 | 650 | / | 50 |
| Druid of the Claw | 7 | 1785 | / | 560 |
| total: | 25 | 3215g | / | 610w |
| Ancient Protector | 1 | 135 | / | 80 |
| Moon Well | 6 | 1080 | / | 240 |
| Altar of Elders | 1 | 180 | / | 50 |
| Ancient of War | 1 | 150 | / | 60 |
| Hunter's Hall | 1 | 210 | / | 100 |
| Ancient of Lore | 2 | 310 | / | 290 |
| Tree of Ages | 1 | 320 | / | 180 |
| Tree of Eternity | 1 | 330 | / | 200 |
| total: | 12 | 2065g | / | 820w |
| 0:07 | Moon Well |
| 0:09 | Altar of Elders |
| 0:10 | Wisp |
| 0:10 | Wisp |
| 0:12 | Wisp |
| 0:43 | Ancient of War |
| 0:46 | Wisp |
| 1:01 | Wisp |
| 1:17 | Wisp |
| 1:17 | Wisp |
| 1:42 | Wisp |
| 1:56 | Archer |
| 1:57 | Archer |
| 2:05 | Moon Well |
| 2:30 | Moon Well |
| 2:33 | Fan of Knives |
| 2:51 | Wisp |
| 3:08 | Tree of Ages |
| 3:14 | Archer |
| 3:31 | Archer |
| 3:42 | Archer |
| 4:07 | Hunter's Hall |
| 4:43 | Moon Well |
| 5:18 | Strength of the Wild |
| 5:19 | Reinforced Hides |
| 5:40 | Shadow Strike |
| 5:51 | Ancient of Lore |
| 5:57 | Ancient of Lore |
| 6:03 | Moon Well |
| 6:30 | Improved Strength of the Wild |
| 6:37 | Moon Well |
| 6:39 | Wisp |
| 6:39 | Wisp |
| 6:39 | Wisp |
| 6:40 | Wisp |
| 7:09 | Druid of the Claw Adept Training |
| 7:18 | Tree of Eternity |
| 8:31 | Druid of the Claw |
| 8:32 | Druid of the Claw |
| 8:33 | Druid of the Claw |
| 8:34 | Druid of the Claw |
| 9:09 | Fan of Knives |
| 9:42 | Druid of the Claw Master Training |
| 9:50 | Druid of the Claw |
| 10:05 | Ancient Protector |
| 10:25 | Druid of the Claw |
| 10:27 | Druid of the Claw |
| Select | 200 |
| Right click | 99 |
| Build/train/purchase | 54 |
| Minimap ping | 5 |
| Use ability | 4 |
| Misc. action | 3 |
| Remove unit | 3 |
| Item give/drop | 1 |



| Rod of Necromancy | 1 | 150 |
| Potion of Mana | 1 | 200 |
| Orb of Corruption | 1 | 375 |
| Potion of Healing | 1 | 150 |
| Scroll of Town Portal | 2 | 700 |
| Orb of Fire | 1 | 325 |
| total: | 7 | 1900g |
| Acolyte | 7 | 525 | / | 0 |
| Ghoul | 3 | 360 | / | 0 |
| Crypt Fiend | 9 | 1935 | / | 360 |
| Obsidian Statue | 2 | 400 | / | 70 |
| total: | 21 | 3220g | / | 430w |
| Nerubian Tower | 3 | 300 | / | 60 |
| Spirit Tower | 6 | 870 | / | 240 |
| Graveyard | 1 | 215 | / | 0 |
| Crypt | 4 | 800 | / | 200 |
| Ziggurat | 9 | 1350 | / | 450 |
| Tomb of Relics | 1 | 130 | / | 30 |
| Altar of Darkness | 1 | 180 | / | 50 |
| Sacrificial Pit | 1 | 75 | / | 150 |
| Slaughterhouse | 1 | 140 | / | 135 |
| Boneyard | 2 | 350 | / | 400 |
| Halls of the Dead | 1 | 320 | / | 210 |
| Black Citadel | 1 | 325 | / | 230 |
| total: | 20 | 3240g | / | 1415w |
| 0:11 | Graveyard |
| 0:13 | Crypt |
| 0:14 | Acolyte |
| 0:19 | Crypt |
| 0:24 | Acolyte |
| 0:45 | Ziggurat |
| 1:00 | Tomb of Relics |
| 1:15 | Ziggurat |
| 1:27 | Ghoul |
| 1:45 | Altar of Darkness |
| 2:01 | Ghoul |
| 2:16 | Ghoul |
| 2:32 | Crypt Fiend |
| 2:54 | Crypt Fiend |
| 3:12 | Ziggurat |
| 3:31 | Crypt Fiend |
| 3:52 | Crypt Fiend |
| 4:15 | Death Coil |
| 4:19 | Rod of Necromancy |
| 5:11 | Acolyte |
| 5:24 | Unholy Aura |
| 5:38 | Acolyte |
| 5:38 | Acolyte |
| 5:39 | Acolyte |
| 5:39 | Acolyte |
| 6:51 | Halls of the Dead |
| 7:07 | Creature Attack |
| 7:09 | Creature Carapace |
| 7:53 | Death Coil |
| 8:40 | Ziggurat |
| 8:43 | Ziggurat |
| 8:51 | Crypt Fiend |
| 10:04 | Crypt Fiend |
| 10:04 | Crypt Fiend |
| 10:35 | Sacrificial Pit |
| 10:37 | Black Citadel |
| 10:40 | Nerubian Tower |
| 10:41 | Spirit Tower |
| 10:50 | Slaughterhouse |
| 11:14 | Web |
| 11:20 | Frost Nova |
| 12:02 | Ziggurat |
| 12:02 | Ziggurat |
| 12:03 | Ziggurat |
| 12:05 | Ziggurat |
| 12:17 | Crypt Fiend |
| 12:17 | Crypt Fiend |
| 12:23 | Obsidian Statue |
| 12:23 | Obsidian Statue |
| 12:42 | Force of Nature |
| 13:01 | Boneyard |
| 13:07 | Boneyard |
| 13:21 | Scroll of Town Portal |
| 13:27 | Potion of Mana |
| 13:27 | Orb of Corruption |
| 13:28 | Potion of Healing |
| 13:44 | Crypt |
| 13:45 | Crypt |
| 13:48 | Nerubian Tower |
| 13:49 | Spirit Tower |
| 13:50 | Spirit Tower |
| 13:52 | Spirit Tower |
| 13:54 | Nerubian Tower |
| 13:55 | Spirit Tower |
| 13:56 | Spirit Tower |
| 14:16 | Improved Creature Attack |
| 14:42 | Carrion Swarm |
| 14:46 | Scroll of Town Portal |
| 14:53 | Orb of Fire |
| 15:21 | Unholy Aura |
| Right click | 672 |
| Select | 315 |
| Build/train/purchase | 63 |
| Select group | 54 |
| Use ability | 21 |
| Assign group | 11 |
| Misc. action | 2 |
| Item give/drop | 2 |



| Peon | 12 | 900 | / | 0 |
| Shaman | 6 | 780 | / | 120 |
| Druid of the Claw | 2 | 510 | / | 160 |
| Wisp | 5 | 300 | / | 0 |
| Druid of the Talon | 4 | 580 | / | 80 |
| Archer | 2 | 260 | / | 20 |
| Dryad | 1 | 145 | / | 60 |
| Gargoyle | 5 | 875 | / | 150 |
| Frost Wyrm | 3 | 1155 | / | 360 |
| total: | 40 | 5505g | / | 950w |
| Watch Tower | 23 | 2530 | / | 1840 |
| Altar of Storms | 1 | 180 | / | 50 |
| Orc Burrow | 3 | 480 | / | 120 |
| War Mill | 1 | 205 | / | 0 |
| Spirit Lodge | 2 | 300 | / | 300 |
| Tauren Totem | 1 | 135 | / | 155 |
| Stronghold | 1 | 315 | / | 190 |
| Fortress | 2 | 650 | / | 380 |
| Ziggurat | 2 | 300 | / | 100 |
| Ancient of Wind | 1 | 150 | / | 140 |
| total: | 34 | 4280g | / | 2705w |
| 0:10 | Altar of Storms |
| 0:13 | Orc Burrow |
| 0:16 | Peon |
| 0:16 | Peon |
| 0:40 | Peon |
| 0:51 | War Mill |
| 1:07 | Peon |
| 1:20 | Orc Burrow |
| 1:27 | Peon |
| 1:27 | Peon |
| 1:45 | Peon |
| 1:45 | Peon |
| 2:10 | Endurance Aura |
| 2:20 | Watch Tower |
| 2:26 | Spiked Barricades |
| 3:13 | Watch Tower |
| 3:20 | Peon |
| 3:28 | Watch Tower |
| 3:41 | Watch Tower |
| 3:48 | Orc Burrow |
| 4:21 | Stronghold |
| 4:48 | Watch Tower |
| 5:09 | Watch Tower |
| 5:58 | Watch Tower |
| 6:42 | Reinforced Defenses |
| 6:44 | Peon |
| 6:44 | Peon |
| 6:55 | Watch Tower |
| 7:03 | Watch Tower |
| 7:13 | Peon |
| 8:01 | Spirit Lodge |
| 8:07 | Spirit Lodge |
| 8:45 | Watch Tower |
| 9:10 | Watch Tower |
| 9:18 | Shaman |
| 9:24 | Shaman Adept Training |
| 9:25 | Shaman Master Training |
| 9:32 | Healing Wave |
| 9:56 | Watch Tower |
| 9:58 | Watch Tower |
| 10:47 | Serpent Ward |
| 11:13 | Watch Tower |
| 11:18 | Watch Tower |
| 11:48 | Druid of the Claw |
| 12:20 | Watch Tower |
| 12:32 | Ancient of Wind |
| 12:37 | Watch Tower |
| 12:42 | Healing Wave |
| 13:28 | Fortress |
| 13:31 | Shaman |
| 14:03 | Wisp |
| 14:03 | Wisp |
| 14:03 | Wisp |
| 14:04 | Wisp |
| 14:04 | Wisp |
| 14:16 | Druid of the Talon Adept Training |
| 14:17 | Druid of the Talon |
| 14:17 | Druid of the Talon |
| 14:20 | Archer |
| 14:21 | Archer |
| 14:27 | Watch Tower |
| 14:28 | Watch Tower |
| 14:52 | Dryad |
| 15:35 | Watch Tower |
| 15:36 | Watch Tower |
| 16:01 | Shaman |
| 16:40 | Gargoyle |
| 16:43 | Frost Wyrm |
| 16:44 | Frost Wyrm |
| 16:49 | Gargoyle |
| 16:51 | Gargoyle |
| 17:14 | Chain Lighting |
| 17:16 | Shaman |
| 17:22 | Druid of the Claw |
| 17:27 | Druid of the Talon |
| 17:27 | Druid of the Talon |
| 17:45 | Watch Tower |
| 17:55 | Frost Wyrm |
| 18:04 | Gargoyle |
| 18:09 | Gargoyle |
| 18:23 | Ziggurat |
| 18:28 | Ziggurat |
| 18:33 | Shaman |
| 18:34 | Shaman |
| 18:40 | Tauren Totem |
| 18:50 | Creature Attack |
| 18:57 | Watch Tower |
| Right click | 266 |
| Select | 215 |
| Build/train/purchase | 66 |
| Chat | 58 |
| Resource trade | 25 |
| Use ability | 20 |
| Assign group | 2 |
| Select group | 2 |
⇛